 Dungeon Crawl Stone Soup version 0.29.0-4-gdea44cf6ec (webtiles) character file.

Game seed: 14528306089487793992

3781 qw the Cleaver (level 9, -1/81 HPs)
             Began as a Minotaur Fighter on Sept 6, 2022.
             Was a Believer of Ru.
             Slain by an orc warrior
             ... wielding a +0 scimitar
              (8 damage)
             ... on level 8 of the Dungeon.
             The game lasted 00:02:45 (7214 turns).

qw the Cleaver (Minotaur Fighter)                   Turns: 7214, Time: 00:02:46

Health: -1/81      AC:  5    Str: 25      XL:     9   Next: 95%
Magic:  8/8        EV:  8    Int:  4 (5)  God:    Ru [**....]
Gold:   332        SH:  5    Dex: 12      Spells: 8/8 levels left

rFire   + . .      SeeInvis .   e - +0 war axe (spect)
rCold   + + .      Faith    .   c - +0 buckler
rNeg    . . .      Spirit   .   o - +0 storm dragon scales
rPois   .          Reflect  .   (helmet restricted)
rElec   +          Harm     .   h - scarf {rC+ rF+}
rCorr   .          Rampage  .   (no gloves)
Will    +....                   i - +0 pair of boots
Stlth   ..........              (no amulet)
HPRegen 0.23/turn               p - ring "Poublil" {Fly rC+ Dex+2 Stlth+}
MPRegen 0.11/turn               (no ring)

@: about to teleport, corroded, flying
A: horns 2, inability to train dodging, unskilled 1, retaliatory headbutt,
deterioration 2, strong-willed 1
a: Renounce Religion


You were on level 8 of the Dungeon.
You worshipped Ru.
Ru was pleased with you.
You visited 2 branches of the dungeon, and saw 9 of its levels.
You also visited: Sewer.

You collected 368 gold pieces.
You spent 36 gold pieces at shops.


Innate Abilities, Weirdness & Mutations

You have a pair of horns on your head.
You cannot train Dodging skill.
You are somewhat unskilled. (-1 Apt)
You reflexively headbutt those who attack you in melee.
Your body often deteriorates upon taking damage.
You are strong-willed. (Will+)


   Skills:
 - Level 8.1 Fighting
 + Level 14.1 Axes
 - Level 6.0 Armour
 - Level 5.2 Shields


You had 8 spell levels left.
You didn't know any spells.
Your spell library was empty.

Inventory:

Hand Weapons
 b - a +0 flail
 e - a +0 spectral war axe (weapon)
Armour
 c - a +0 buckler (worn)
 h - a scarf of resistance (worn)
 i - a +0 pair of boots (worn)
 n - a +0 cloak
 o - +0 storm dragon scales (worn)
Jewellery
 p - the ring "Poublil" (left hand) {Fly rC+ Dex+2 Stlth+}
   (You found it on level 5 of the Dungeon)

   [ring of flight]

   Dex:       It affects your dexterity (+2).
   rC:        It protects you from cold.
   Fly:       It grants you flight.
   Stlth:     It makes you more stealthy.
Scrolls
 a - 2 scrolls of teleportation
 f - 2 scrolls of identify
Potions
 d - 4 potions of might
 g - 2 potions of heal wounds
 k - 2 potions of cancellation
 l - 3 potions of haste
 m - 3 potions of curing
 r - a potion of resistance

Dungeon Overview and Level Annotations

Branches:
Dungeon (8/15)             Temple (1/1) D:4           Sewer (visited)
   Lair: D:8-11

Altars:
Ashenzari
Cheibriados
Dithmenos
Elyvilon
Fedhas
Gozag
Hepliaklqana
Kikubaaqudgha
Makhleb
Nemelex Xobeh
Okawaru
Qazlal
Ru
Sif Muna
Trog
Uskayaw
Vehumet
Wu Jian
Xom
Yredelemnul
Zin
The Shining One

Shops:
D:1 !   D:2 *((   D:3 (   D:8 =


Message History

You feel a bit more experienced.
Your +0 spectral war axe hits the wyvern.
Your +0 spectral war axe hits the acid dragon!
Your +0 spectral war axe barely misses the acid dragon.
The acid dragon closely misses your +0 spectral war axe. x2
The acid dragon bites you. You block the acid dragon's attack.
The wyvern bites your +0 spectral war axe.
Your spectral weapon shares its damage with you!
The orc warrior shoots a bolt.
The bolt hits you!
You focus your inner power and illuminate the orc warrior in retribution!
You hit the acid dragon.
You headbutt the acid dragon, but do no damage.
The acid dragon is almost dead.
You hit the wyvern but do no damage.
Your +0 spectral war axe hits the wyvern!
You kill the wyvern!
Your +0 spectral war axe hits the acid dragon!
You kill the acid dragon!
Your +0 spectral war axe hits the acid dragon!
The acid dragon bites your +0 spectral war axe!
Your spectral weapon shares its damage with you!
The acid dragon misses your +0 spectral war axe.
The orc warrior shoots a bolt.
The bolt hits you.
You feel your intelligence returning.
Your Shields skill increases to level 5!
You swap places.
The acid dragon bites you!
The acid dragon claws you but does no damage.
An orc comes into view. It is wielding a +0 trident.
The orc warrior is stunned by your conviction and fails to attack.
Things that are here:
a +0 whip; 6 poisoned darts
7214 ||| READING 3 scrolls of teleportation.
As you read the scroll of teleportation, it crumbles to dust.
You feel strangely unstable. The acid dragon spits acid at you.
The splash of acid hits you! The acid corrodes you!
The orc warrior unwields a +0 arbalest.
The orc warrior wields a +0 scimitar.
The orc warrior hits you with a +0 scimitar!
You die...

###.#....# ##..#....# #.
. . #..## ...# #.##( .
#.## ...# #...# o## (.#
..# #.#(####..## ..# ..#
#........... ..#
#.......... ..#
#..o....... ###
#.ยค@D......
##############.)........
........................
........................
........................
.......########.........
.......# ##########
.....### ####...#


You could see an orc warrior (corona), an acid dragon (catching breath) and an
orc.

Vanquished Creatures
  Pikel (D:6)
  Joseph (D:7)
  Maggie (D:6)
  Prince Ribbit (D:6)
  2 wyverns (D:8)
  A yak (D:8)
  An acid dragon (D:8)
  2 water moccasins
  2 ice beasts (D:6)
  An orc warrior (D:8)
  2 ogres
  A centaur (D:7)
  A lemure (D:6)
  A kobold brigand (D:8)
  A phantom (D:5)
  A bullfrog (D:7)
  3 scorpions
  2 hounds
  Natasha (thrice) (D:4)
  3 iguanas
  4 orc wizards
  4 gnolls (D:3)
  9 adders
  8 river rats (Sewer)
  3 shadow imps
  2 white imps
  3 ufetubi
  3 worms
  14 orcs
  4 bats
  6 endoplasms
  5 giant cockroaches
  10 goblins
  4 hobgoblins
  26 kobolds
  9 quokkas
  10 ball pythons
  5 frilled lizards
  25 rats
185 creatures vanquished.

Notes
Turn   | Place    | Note
-------+----------+-------------------------------------------
     0 | D:1      | qw the Minotaur Fighter began the quest for the Orb.
     0 | D:1      | Reached XP level 1. HP: 19/19 MP: 0/0
     0 | D:1      | 0 ||| qw: Version: 0.1-a-107-g9ff403c
     0 | D:1      | 0 ||| qw: Game counter: 6113
     0 | D:1      | 0 ||| qw: Always use a shield: true
     0 | D:1      | 0 ||| qw: God list: Ru
     0 | D:1      | 0 ||| qw: Allow faded altars: false
     0 | D:1      | 0 ||| qw: Do Orc after D:15 true
     0 | D:1      | 0 ||| qw: Do second Lair branch before Depths: true
     0 | D:1      | 0 ||| qw: Lair rune preference: random
     0 | D:1      | 0 ||| qw: Plans: Normal
     0 | D:1      | 0 ||| PLANNING D:1-11
    66 | D:1      | Reached skill level 3 in Axes
   112 | D:1      | Reached XP level 2. HP: 26/26 MP: 1/1
   311 | D:1      | Found Vedub's Distillery.
   320 | D:1      | 320 ||| SHOPLISTING potion of curing (39 gold, have 13).
   320 | D:1      | 320 ||| SHOPLISTING potion of haste (130 gold, have 13).
   320 | D:1      | 320 ||| SHOPLISTING potion of mutation (104 gold, have 13).
   320 | D:1      | 320 ||| SHOPLISTING potion of resistance (130 gold, have
                  | 13).
   340 | D:1      | 340 ||| Stepping ~*~*~tactically~*~*~ (stealth).
   354 | D:1      | Reached skill level 4 in Axes
   555 | D:1      | 555 ||| UPGRADING to +0 pair of boots.
   560 | D:1      | 560 ||| UPGRADING to +0 chain mail.
   570 | D:1      | 570 ||| DROPPING +0 scale mail.
   571 | D:1      | 571 ||| READING 2 scrolls labelled UJY KOVAETOORU.
   576 | D:1      | 576 ||| READING scroll labelled CEW HAHUEKALO.
   717 | D:1      | 717 ||| READING scroll labelled LAUBOI BEDETIC.
   718 | D:1      | 718 ||| READING scroll labelled PASASA YHARU.
   719 | D:1      | 719 ||| READING scroll labelled GITHRA PARIDYIQA.
   820 | D:1      | 820 ||| READING scroll labelled PEOD BOPIYKED.
   836 | D:2      | 836 ||| STAIRDANCE
   842 | D:1      | 842 ||| DROPPING +0 club.
   882 | D:2      | Found Ymodud's Antique Weapon Shop.
   888 | D:2      | 888 ||| READING scroll labelled HOZEEF BUOTT.
   895 | D:2      | 895 ||| Stepping ~*~*~tactically~*~*~ (stealth).
   928 | D:2      | 928 ||| Stepping ~*~*~tactically~*~*~ (stealth).
   936 | D:2      | 936 ||| Stepping ~*~*~tactically~*~*~ (stealth).
   937 | D:2      | 937 ||| Stepping ~*~*~tactically~*~*~ (stealth).
   939 | D:2      | 939 ||| Stepping ~*~*~tactically~*~*~ (stealth).
   940 | D:2      | 940 ||| Stepping ~*~*~tactically~*~*~ (stealth).
   942 | D:2      | 942 ||| Stepping ~*~*~tactically~*~*~ (stealth).
   956 | D:2      | Reached XP level 3. HP: 31/31 MP: 2/2
  1142 | D:2      | 1142 ||| Stepping ~*~*~tactically~*~*~ (stealth).
  1246 | D:2      | Found Kyismus's Antique Weapon Boutique.
  1256 | D:2      | 1256 ||| SHOPLISTING fine flail (161 gold, have 22).
  1256 | D:2      | 1256 ||| SHOPLISTING glowing flail (123 gold, have 22).
  1256 | D:2      | 1256 ||| SHOPLISTING glowing war axe (123 gold, have 22).
  1343 | D:2      | Found Tiqajim's Assorted Antiques.
  1358 | D:2      | 1358 ||| BUYING puce potion (18 gold).
  1358 | D:2      | Bought a puce potion for 18 gold pieces
  1358 | D:2      | 1358 ||| BUYING puce potion (18 gold).
  1358 | D:2      | Bought a puce potion for 18 gold pieces
  1358 | D:2      | 1358 ||| SHOPLISTING puce potion (18 gold, have 13).
  1358 | D:2      | 1358 ||| SHOPLISTING scroll labelled MUITOG VOTE (20 gold,
                  | have 13).
  1358 | D:2      | 1358 ||| SHOPLISTING silvery potion (18 gold, have 13).
  1393 | D:2      | Noticed an ogre
  1396 | D:2      | 1396 ||| Stepping ~*~*~tactically~*~*~ (stealth).
  1398 | D:2      | 1398 ||| Stepping ~*~*~tactically~*~*~ (stealth).
  1405 | D:2      | Killed an ogre
  1406 | D:2      | Reached skill level 6 in Axes
  1406 | D:2      | Reached XP level 4. HP: 13/39 MP: 3/3
  1412 | D:2      | 1412 ||| FLEEEEING.
  1413 | D:2      | 1413 ||| FLEEEEING.
  1414 | D:2      | 1414 ||| FLEEEEING.
  1415 | D:2      | 1415 ||| FLEEEEING.
  1416 | D:2      | 1416 ||| FLEEEEING.
  1417 | D:2      | 1417 ||| FLEEEEING.
  1418 | D:2      | 1418 ||| FLEEEEING.
  1419 | D:2      | 1419 ||| FLEEEEING.
  1420 | D:2      | 1420 ||| FLEEEEING.
  1421 | D:2      | 1421 ||| FLEEEEING.
  1422 | D:2      | 1422 ||| FLEEEEING.
  1423 | D:2      | 1423 ||| FLEEEEING.
  1424 | D:2      | 1424 ||| FLEEEEING.
  1425 | D:2      | 1425 ||| FLEEEEING.
  1426 | D:2      | 1426 ||| FLEEEEING.
  1427 | D:2      | 1427 ||| FLEEEEING.
  1428 | D:2      | 1428 ||| FLEEEEING.
  1430 | D:2      | 1430 ||| FLEEEEING.
  1431 | D:2      | 1431 ||| FLEEEEING.
  1432 | D:2      | 1432 ||| FLEEEEING.
  1433 | D:2      | 1433 ||| FLEEEEING.
  1434 | D:2      | 1434 ||| FLEEEEING.
  1435 | D:2      | 1435 ||| FLEEEEING.
  1436 | D:2      | 1436 ||| FLEEEEING.
  1437 | D:2      | 1437 ||| FLEEEEING.
  1438 | D:2      | 1438 ||| STAIRDANCE
  1604 | D:1      | 1604 ||| READING scroll labelled MUITOG VOTE.
  1605 | D:1      | 1605 ||| READING scroll labelled ZEUBIKKEHAY.
  1606 | D:1      | 1606 ||| DRINKING 3 puce potions.
  1607 | D:1      | 1607 ||| DROPPING 2 potions of attraction.
  1656 | D:2      | 1656 ||| Stepping ~*~*~tactically~*~*~ (hiding).
  1659 | D:2      | 1659 ||| Stepping ~*~*~tactically~*~*~ (hiding).
  1660 | D:2      | 1660 ||| Stepping ~*~*~tactically~*~*~ (hiding).
  1664 | D:2      | Found a faded altar of an unknown god.
  1805 | D:2      | Reached XP level 5. HP: 45/45 MP: 4/4
  1894 | D:3      | Found Teajou's Weapon Boutique.
  1974 | D:3      | Reached skill level 1 in Dodging
  2160 | D:3      | 2160 ||| Stepping ~*~*~tactically~*~*~ (stealth).
  2223 | D:3      | 2223 ||| FLEEEEING.
  2224 | D:3      | 2224 ||| FLEEEEING.
  2225 | D:3      | 2225 ||| FLEEEEING.
  2226 | D:3      | 2226 ||| FLEEEEING.
  2227 | D:3      | 2227 ||| FLEEEEING.
  2228 | D:3      | 2228 ||| FLEEEEING.
  2650 | D:3      | 2650 ||| DROPPING +0 ring mail of willpower.
  2651 | D:3      | 2651 ||| READING scroll labelled ENOTZU QILETE HASE.
  2652 | D:3      | 2652 ||| READING scroll labelled REPSYG JIDGHIJUVVA.
  2653 | D:3      | 2653 ||| READING scroll labelled HOIMEV FEELO.
  2654 | D:3      | 2654 ||| READING scroll labelled GOSOCA FOIR.
  2655 | D:3      | 2655 ||| DRINKING 2 fizzy yellow potions.
  2656 | D:3      | 2656 ||| READING 4 scrolls of identify.
  2656 | D:3      | 2656 ||| IDENTIFYING grey potion
  2657 | D:3      | 2657 ||| READING 3 scrolls of identify.
  2657 | D:3      | 2657 ||| IDENTIFYING smoky white potion
  2658 | D:3      | 2658 ||| DRINKING potion of experience.
  2658 | D:3      | Reached skill level 15 in Axes
  2658 | D:3      | Reached XP level 6. HP: 51/51 MP: 5/5
  2659 | D:3      | 2659 ||| READING 2 scrolls of identify.
  2659 | D:3      | 2659 ||| IDENTIFYING glowing coppery potion
  2660 | D:3      | 2660 ||| DROPPING potion of flight.
  2661 | D:3      | 2661 ||| DROPPING potion of brilliance.
  2681 | D:4      | Found a staircase to the Ecumenical Temple.
  2682 | D:4      | 2682 ||| PLANNING TEMPLE
  2754 | Temple   | Entered the Ecumenical Temple
  2826 | Temple   | Became a worshipper of Ru the Awakened
  3081 | Temple   | 3081 ||| PLANNING SEWER
  3119 | D:4      | 3119 ||| Stepping ~*~*~tactically~*~*~ (stealth).
  3238 | D:4      | Found a glowing drain.
  3247 | D:4      | Reached XP level 7. HP: 60/60 MP: 6/6
  3247 | D:4      | 3247 ||| UPGRADING to scarf of resistance.
  3262 | Sewer    | Entered a sewer
  3869 | Sewer    | 3869 ||| DRINKING 2 lumpy sapphire potions.
  3870 | Sewer    | 3870 ||| DRINKING 2 yellow potions.
  3871 | Sewer    | 3871 ||| DRINKING 2 murky white potions.
  3872 | Sewer    | 3872 ||| DROPPING potion of magic.
  3908 | D:4      | 3908 ||| PLANNING D:1-11
  3988 | D:4      | Identified the +5 rapier "Bocsin" {vorpal, *Noise +Blink
                  | Dex+4 Stlth+}
  4042 | D:4      | Noticed Natasha
  4047 | D:4      | Killed Natasha
  4103 | D:4      | 4103 ||| INVOKING Sacrifice Skill.
  4103 | D:4      | Gained mutation: You are somewhat unskilled. (-1 Apt) [Ru
                  | sacrifice]
  4103 | D:4      | Reduced skill Axes to level 14
  4103 | D:4      | Reached * piety under Ru
  4108 | D:4      | Reached skill level 1 in Dodging
  4109 | D:4      | Noticed Natasha
  4111 | D:4      | Killed Natasha
  4178 | D:4      | Noticed Natasha
  4183 | D:4      | Killed Natasha
  4349 | D:4      | 4349 ||| READING scroll labelled RITTIO SOPPAPN.
  4350 | D:4      | 4350 ||| READING 3 scrolls of identify.
  4350 | D:4      | 4350 ||| IDENTIFYING silvery potion
  4366 | D:5      | Entered Level 5 of the Dungeon
  4596 | D:5      | Found a shimmering altar of Xom.
  4648 | D:5      | Identified the ring "Poublil" {Fly rC+ Dex+2 Stlth+}
  4829 | D:5      | 4829 ||| Stepping ~*~*~tactically~*~*~ (stealth).
  4993 | D:5      | Found a blossoming altar of Fedhas.
  5202 | D:5      | 5202 ||| UPGRADING to +1 chain mail of cold resistance.
  5212 | D:5      | 5212 ||| DROPPING +0 chain mail.
  5213 | D:5      | 5213 ||| UPGRADING to ring "Poublil" {Fly rC+ Dex+2
                  | Stlth+}.
  5214 | D:5      | 5214 ||| DRINKING 2 fizzy golden potions.
  5214 | D:5      | Gained mutation: You occasionally lose the ability to read
                  | scrolls when taking damage. [potion of mutation]
  5214 | D:5      | Gained mutation: You have a pair of large horns on your
                  | head. [potion of mutation]
  5215 | D:5      | 5215 ||| DRINKING potion of mutation.
  5215 | D:5      | Lost mutation: You have a pair of large horns on your head.
                  | [potion of mutation]
  5215 | D:5      | Lost mutation: You occasionally lose the ability to read
                  | scrolls when taking damage. [potion of mutation]
  5215 | D:5      | Gained mutation: Your body sometimes deteriorates upon
                  | taking damage. [potion of mutation]
  5215 | D:5      | Gained mutation: Your body often deteriorates upon taking
                  | damage. [potion of mutation]
  5215 | D:5      | Gained mutation: You are strong-willed. (Will+) [potion of
                  | mutation]
  5242 | D:6      | Noticed Prince Ribbit
  5249 | D:6      | Killed Prince Ribbit
  5250 | D:6      | Reached XP level 8. HP: 47/69 MP: 7/7
  5250 | D:6      | 5250 ||| STAIRDANCE
  5365 | D:6      | Found the necklace of Bloodlust {*Rage Will++ Int-3 Slay+6}
  5458 | D:6      | 5458 ||| Stepping ~*~*~tactically~*~*~ (stealth).
  5507 | D:6      | Reached skill level 6 in Fighting
  5508 | D:6      | Noticed Maggie
  5509 | D:6      | 5509 ||| Stepping ~*~*~tactically~*~*~ (hiding).
  5510 | D:6      | 5510 ||| Stepping ~*~*~tactically~*~*~ (hiding).
  5512 | D:6      | 5512 ||| Stepping ~*~*~tactically~*~*~ (hiding).
  5518 | D:6      | Killed Maggie
  5533 | D:6      | Noticed Pikel
  5536 | D:6      | 5536 ||| Stepping ~*~*~tactically~*~*~ (stealth).
  5537 | D:6      | 5537 ||| Stepping ~*~*~tactically~*~*~ (stealth).
  5540 | D:6      | Killed Pikel
  5541 | D:6      | Reached XP level 9. HP: 79/79 MP: 8/8
  5543 | D:6      | 5543 ||| DROPPING +0 whip.
  5654 | D:6      | 5654 ||| Stepping ~*~*~tactically~*~*~ (hiding).
  5666 | D:6      | 5666 ||| DROPPING +0 whip of flaming.
  5870 | D:6      | Found an ornate altar of the Wu Jian Council.
  5961 | D:6      | 5961 ||| UPGRADING to +0 storm dragon scales.
  5971 | D:6      | 5971 ||| DROPPING +1 chain mail of cold resistance.
  5972 | D:6      | 5972 ||| READING 2 scrolls labelled RIBLIOCZES.
  5973 | D:6      | 5973 ||| READING 3 scrolls of identify.
  5973 | D:6      | 5973 ||| IDENTIFYING metallic ruby potion
  5974 | D:6      | 5974 ||| DROPPING scroll of vulnerability.
  6120 | D:7      | 6120 ||| Stepping ~*~*~tactically~*~*~ (hiding).
  6129 | D:7      | 6129 ||| Stepping ~*~*~tactically~*~*~ (hiding).
  6135 | D:7      | 6135 ||| Stepping ~*~*~tactically~*~*~ (hiding).
  6144 | D:7      | 6144 ||| Stepping ~*~*~tactically~*~*~ (stealth).
  6170 | D:7      | Noticed Joseph
  6171 | D:7      | 6171 ||| Stepping ~*~*~tactically~*~*~ (hiding).
  6181 | D:7      | Killed Joseph
  6567 | D:7      | Reached skill level 6 in Armour
  6767 | D:8      | 6767 ||| Stepping ~*~*~tactically~*~*~ (hiding).
  6778 | D:8      | Reached skill level 3 in Dodging
  6805 | D:8      | 6805 ||| INVOKING Sacrifice Nimbleness.
  6805 | D:8      | Gained mutation: You cannot train Dodging skill. [Ru
                  | sacrifice]
  6805 | D:8      | Reached ** piety under Ru
  7170 | D:8      | Found Leavest's Jewellery Shop.
  7178 | D:8      | 7178 ||| SHOPLISTING +4 ring of protection (468 gold, have
                  | 311).
  7178 | D:8      | 7178 ||| SHOPLISTING ring of fire (325 gold, have 311).
  7178 | D:8      | 7178 ||| SHOPLISTING ring of protection from fire (325
                  | gold, have 311).
  7178 | D:8      | 7178 ||| SHOPLISTING ring of willpower (325 gold, have
                  | 311).
  7213 | D:8      | HP: 18/81 [acid dragon (7)]
  7214 | D:8      | 7214 ||| READING 3 scrolls of teleportation.
  7214 | D:8      | HP: 7/81 [acid dragon/splash of acid (11)]
  7214 | D:8      | Slain by an orc warrior

Levels and vault maps discovered:
D:1:      dpeg_arrival_rooms_a, layout_rooms, serial_shops,
          nicolae_shop_competitors_out_of_business, minmay_misc_feat_room
D:2:      layout_rooms, serial_shops, shop_coins, nicolae_lakefront_shop, shop,
          ebering_ecumenical_altar_abandoned
D:3:      layout_basic, serial_shops, shop, kennysheep_small_spiral
D:4:      layout_cave_pools, minmay_temple_entry_statues_fountains,
          portal_sewer_entry_f, uniq_natasha
D:5:      layout_basic, fedhas_altar_fruit_tree, kennysheep_mini
D:6:      layout_cave_pools, kennysheep_little_box, minmay_misc_feat_hallway,
          eino_small_chamber_without_monster, grunt_decor_arrowhead,
          minmay_crossroads, uniq_prince_ribbit1, uniq_maggie, uniq_pikel
D:7:      layout_loops_ring, moated_statue, uniq_joseph
D:8:      layout_basic, serial_shops, nicolae_shop_crystal, minmay_ruined_shrine
Temple:   compressed_dpeg_triangle_lava_temple

Skill      XL: |  1  2  3  4  5  6  7  8  9 |
---------------+----------------------------+-----
Axes           | 3 4 6 15 14 | 14.1
Dodging        | 1 2 0 |  0.0
Fighting       | 4 5 7 8 |  8.1
Armour         | 4 6 |  6.0
Shields        | 4 5 |  5.2

Action                   |  1- 3 |  4- 6 |  7- 9 || total
-------------------------+-------+-------+-------++-------
Melee: War axe           |    79 |    37 |   180 ||   296
       Headbutt          |     7 |     6 |    36 ||    49
Invok: Sacrifice Skill   |       |       |     1 ||     1
       Sacrifice Nimblen |       |       |     1 ||     1
  Use: Scroll            |     7 |     9 |     5 ||    21
       Potion            |       |     3 |     5 ||     8
 Stab: Distracted        |       |       |     2 ||     2
Armor: Scale mail        |    16 |       |       ||    16
       Chain mail        |    18 |     8 |    19 ||    45
       Storm dragon scal |       |       |    28 ||    28
Dodge: Dodged            |    29 |    10 |    41 ||    80
Block: Buckler           |    14 |     1 |    17 ||    32

Table legend:
 A = Non-vault XP
 B = Vault XP
 C = Vault XP percentage of total XP
 D = Non-vault monster count
 E = Vault monster count
 F = Vault count percentage of total count
                 A         B        C        D         E       F
            +---------+---------+-------+---------+---------+-------
      Total |    2423 |    2713 |  52.8 |     114 |      70 |  38.0
            +---------+---------+-------+---------+---------+-------
        D:1 |      32 |       0 |   0.0 |      21 |       0 |   0.0
        D:2 |     165 |       0 |   0.0 |      19 |       0 |   0.0
        D:3 |      89 |       0 |   0.0 |      14 |       0 |   0.0
        D:4 |     295 |      46 |  13.5 |      18 |       6 |  25.0
        D:5 |     249 |       0 |   0.0 |       8 |       0 |   0.0
        D:6 |     392 |    1334 |  77.3 |       9 |       5 |  35.7
        D:7 |     586 |     481 |  45.1 |      13 |       1 |   7.1
        D:8 |     615 |     650 |  51.4 |      12 |       4 |  25.0
      Sewer |       0 |     202 | 100.0 |       0 |      54 | 100.0
            +---------+---------+-------+---------+---------+-------
